AoeStats
← Kanyaga

Arabia

509145980Analyzed
1v1 RM · 6d ago on Sep 25, 2026· 27m 33s· 2 players
Game mode
Random Map
Map size
Tiny (2 player)
Population
200
Speed
Normal
Resources
Standard
Victory
Conquest
Starting age
Dark Age
Ending age
Imperial Age
RankedLock teamsTeams togetherTeam positionsShared explorationLock speedFull tech treeHidden civsTurbo modeCheats
Victory
Defeat
🇧🇷 Huns · Brazil
1581
+15
🇹🇷 Mongols · Türkiye
1569
-15
Kanyaga
2:04 Loom
9:12 Feudal Age
24:11 Castle Age
23:32 Fletching
Pedro
7:38 Loom
10:10 Feudal Age
10:22 Man-at-Arms
11:40 Double-Bit Axe
15:21 Fletching
23:21 Castle Age
22:12 Forging
23:19 Bloodlines
23:17 Scale Barding Armor
25:26 Iron Casting
24:58 Horse Collar
26:51 Husbandry
Connection lost

Rejoining the realm…

Still unreachable

The connection could not be restored.

Session expired

The server has moved on; the page needs a fresh start.